 Dungeon Crawl Stone Soup version 0.24-a0-584-g9d6b971ae4 (webtiles) character file.

Game seed: 6426702707803448103, levelgen mode: deterministic

99 Mithandil the Skirmisher (level 4, 0/37 HPs)
             Began as a Demonspawn Abyssal Knight on Sept 6, 2019.
             Was a Believer of Lugonu.
             Slain by a worker ant (5 damage)
             ... on level 4 of the Dungeon.
             The game lasted 00:10:29 (2063 turns).

Mithandil the Skirmisher (DsAK)                     Turns: 2063, Time: 00:10:29

Health: 0/37       AC:  6    Str: 11 (12) XL:     4   Next: 45%
Magic:  6/6        EV:  9    Int: 12 (13) God:    Lugonu [**....]
Gold:   103        SH:  0    Dex:  9 (12) Spells: 3/3 levels left

rFire    + . .     SeeInvis .   a - +1 falchion
rCold    . . .     Gourm    .   (no shield)
rNeg     . . .     Faith    .   h - +0 scale mail
rPois    .         Spirit   .   (helmet restricted)
rElec    +         Reflect  .   (no cloak)
rCorr    .         Harm     .   (no gloves)
MR       .....                  (no boots)
Stlth    ..........             q - amulet of magic regeneration
HPRegen  0.12/turn              (no ring)
MPRegen  0.35/turn              (no ring)

@: lethally poisoned (0 -> -3)
A: antennae 1, claws 1, fire resistance 1, powered by pain 1, electricity
resistance, weak 1
a: Depart the Abyss, Bend Space, Renounce Religion


You were on level 4 of the Dungeon.
You worshipped Lugonu.
Lugonu was pleased with you.
You were not hungry.

You visited 1 branch of the dungeon, and saw 4 of its levels.
You visited the Abyss 1 time.

You collected 103 gold pieces.

Inventory:

Hand Weapons
 a - a +1 falchion (weapon)
 b - a +0 spear
Missiles
 d - 6 boomerangs (quivered)
 j - 37 stones
 m - 10 bolts
 n - 26 arrows
 r - 14 sling bullets
 s - 14 poisoned darts
Armour
 h - a +0 scale mail (worn)
Jewellery
 q - an amulet of magic regeneration (around neck)
Scrolls
 e - a scroll of random uselessness {unknown}
 i - a scroll of remove curse
 k - a scroll of noise {unknown}
 o - a scroll of enchant armour {unknown}
 p - 2 scrolls of identify {unknown}
Potions
 f - 3 potions of heal wounds
 g - a potion of curing
 l - a potion of resistance
Comestibles
 c - 4 rations


   Skills:
 * Level 3.7 Fighting
 + Level 2.2 Long Blades
 + Level 2.1 Armour
 + Level 1.4 Dodging
 + Level 1.1 Stealth
 + Level 1.0 Unarmed Combat
 + Level 3.1 Invocations


You had 3 spell levels left.
You didn't know any spells.
Your spell library was empty.

Dungeon Overview and Level Annotations

Branches:
Dungeon (4/15)
 Temple: D:4-7

Altars:
Dithmenos
Wu Jian
The Shining One


Innate Abilities, Weirdness & Mutations

You have a pair of small antennae on your head.
You have sharp fingernails.
You sometimes gain a little power by taking damage.
Your flesh is heat resistant. (rF+)
You are resistant to electric shocks. (rElec)
You are weak. (Str -2)


Message History

You hit the worker ant.
The worker ant is lightly wounded.
The jackal bites you but does no damage.
The worker ant barely misses you.
The leopard gecko bites you but does no damage.
The jackal barely misses you. The worker ant bites you.
* * * LOW HITPOINT WARNING * * *
You barely miss the worker ant.
You feel sick. The leopard gecko barely misses you.
The jackal closely misses you. The worker ant bites you.
* * * LOW HITPOINT WARNING * * *
The leopard gecko bites you.
* * * LOW HITPOINT WARNING * * *
Unknown command.
You closely miss the worker ant.
You feel sick. The jackal barely misses you.
You riposte.
You hit the jackal.
You kill the jackal!
Lugonu accepts your kill.
You can now bend space around yourself.
The worker ant bites you.
You die...

#######....
#.......#.###
#.......#.P.P
#.......P.P♣
#.......PP♣
#.......#
#.......#
#.<....@##
#....<.al#
#...........#
########.....#
.##.... ..
.... .## ###
.# .#


You could see a worker ant and a leopard gecko.

Vanquished Creatures
  3 adders
  An ooze (D:4)
  3 worms (D:2)
  5 dart slugs
  5 leopard geckos
  An orc (D:2)
  4 bats
  2 goblins
  4 hobgoblins
  5 jackals
  A quokka (D:3)
  A ball python (D:1)
  4 frilled lizards
  4 kobolds
  3 rats
46 creatures vanquished.

Notes
Turn   | Place    | Note
-------+----------+-------------------------------------------
     0 | Abyss:1  | Mithandil the Demonspawn Abyssal Knight began the quest for
                  | the Orb.
     0 | Abyss:1  | Reached XP level 1. HP: 18/18 MP: 2/2
    71 | Abyss:1  | Noticed an ice devil
    72 | Abyss:1  | Noticed a large abomination
    72 | Abyss:1  | Noticed a wretched star
    73 | D:1      | Escaped the Abyss
   153 | D:1      | Gained mutation: You are resistant to electric shocks.
                  | (rElec) [potion of mutation]
   153 | D:1      | Gained mutation: You are weak. (Str -2) [potion of
                  | mutation]
   153 | D:1      | Gained mutation: Your flesh is heat resistant. (rF+)
                  | [potion of mutation]
   253 | D:1      | Reached skill level 1 in Dodging
   323 | D:1      | Reached * piety under Lugonu
   336 | D:1      | Gained mutation: You have sharp fingernails. [demonic
                  | ancestry]
   336 | D:1      | Reached XP level 2. HP: 23/24 MP: 3/3
   402 | D:2      | Found an ornate altar of the Wu Jian Council.
   419 | D:2      | Gained mutation: You have a pair of small antennae on your
                  | head. [demonic ancestry]
   419 | D:2      | Reached XP level 3. HP: 3/29 MP: 5/5
  1261 | D:2      | Found a shadowy altar of Dithmenos.
  1328 | D:2      | Gained mutation: You sometimes gain a little power by
                  | taking damage. [demonic ancestry]
  1328 | D:2      | Reached XP level 4. HP: 32/35 MP: 6/6
  1734 | D:2      | Reached skill level 1 in Unarmed Combat
  1742 | D:2      | Found a glowing golden altar of the Shining One.
  1782 | D:2      | Reached skill level 1 in Stealth
  2063 | D:4      | Reached ** piety under Lugonu
  2063 | D:4      | Slain by a worker ant

Levels and vault maps discovered:
D:1:      minmay_arrival_five_plusses, layout_loops_corners
D:2:      layout_basic, overflow_temple_1_default, zin_angel,
          old_standard_altar, lemuel_doored_altar, lemuel_crystal_altar,
          serial_forest, infiniplex_forest_pool, infiniplex_forest_lined_room_2,
          infiniplex_forest_lined_room_2, infiniplex_forest_diagonal,
          infiniplex_forest_zigzag_1, st_stairs_13
D:3:      layout_rooms, kiku_gazebo_garden_becter, first_ration,
          minmay_misc_feat_rugged, corexii_item_surrounded_by_moat,
          uniq_crazy_yiuf_cottage
D:4:      layout_rooms, nicolae_overflow_crystal_walls,
          minmay_temple_entry_water_ring, serial_shops, nicolae_shop_stone,
          serial_forest, infiniplex_forest_clump_curved,
          infiniplex_forest_clump_curved, infiniplex_forest_end_1,
          infiniplex_forest_straight_5, infiniplex_forest_clump_curved,
          infiniplex_forest_clump_double, infiniplex_forest_clump_cross,
          infiniplex_forest_straight_5

Skill      XL: |  1  2  3  4 |
---------------+-------------+-----
Dodging        | 1 |  1.4
Long Blades    | 2 |  2.2
Armour         | 2 |  2.1
Invocations    | 3 |  3.1
Unarmed Combat | 1 |  1.0
Stealth        | 1 |  1.1
Fighting       | |  3.7

Action                   |  1- 3 |  4- 6 || total
-------------------------+-------+-------++-------
Melee: Falchion          |    83 |    80 ||   163
       Spear             |       |     1 ||     1
       Punch             |       |     1 ||     1
Invok: Depart the Abyss  |     1 |       ||     1
  Use: Potion            |     4 |     2 ||     6
       Scroll            |       |     1 ||     1
  Eat: Chunk             |     1 |     3 ||     4
Armor: Scale mail        |    45 |    53 ||    98
Dodge: Dodged            |    44 |    61 ||   105
       Rpst.: Falchion   |    17 |    18 ||    35

Table legend:
 A = Non-vault XP
 B = Vault XP
 C = Vault XP percentage of total XP
 D = Non-vault monster count
 E = Vault monster count
 F = Vault count percentage of total count
                 A         B        C        D         E       F
            +---------+---------+-------+---------+---------+-------
      Total |     140 |       2 |   1.4 |      45 |       1 |   2.2
            +---------+---------+-------+---------+---------+-------
        D:1 |      38 |       0 |   0.0 |      18 |       0 |   0.0
        D:2 |      77 |       2 |   2.5 |      22 |       1 |   4.3
        D:3 |      15 |       0 |   0.0 |       2 |       0 |   0.0
        D:4 |      10 |       0 |   0.0 |       3 |       0 |   0.0
            +---------+---------+-------+---------+---------+-------
